 Dungeon Crawl Stone Soup version 0.30-a0-723-gc1506a1cf0 (webtiles) character file.

Game seed: 16533351961892830861

3151 browni3141 the Grappler (level 9, 0/132 HPs)
             Began as a Troll Berserker on Jan 28, 2023.
             Was an Elder of Trog.
             Slain by an unseen horror (2 damage)
             ... on level 7 of the Dungeon.
             The game lasted 00:07:12 (5111 turns).

browni3141 the Grappler (Troll Berserker)           Turns: 5111, Time: 00:07:12

Health: 0/132      AC:  5    Str: 31    XL:     9   Next: 62%
Magic:  8/8        EV: 11    Int:  3    God:    Trog [****..]
Gold:   447        SH:  0    Dex:  9    Spells: 8/8 levels left

rFire   . . .      SeeInvis .      - Unarmed
rCold   . . .      Faith    .    (no shield)
rNeg    . . .      Spirit   .    j - +0 robe of the Spheres {Harm}
rPois   .          Reflect  .    (helmet restricted)
rElec   .          Harm     +    g - +0 cloak
rCorr   .          Rampage  .    (gloves unavailable)
Will    .....                    (boots unavailable) Stlth
                                 (no amulet)
HPRegen 1.22/turn                (no ring)
MPRegen 0.11/turn                (no ring)

@: berserking, weakened, very quick
A: large, unfitting armour, claws 3, regeneration 1, shaggy fur 1, tough skin 1
a: Renounce Religion, Berserk, Trog's Hand, Brothers in Arms


You were on level 7 of the Dungeon.
You worshipped Trog.
Trog was greatly pleased with you.
You visited 1 branch of the dungeon, and saw 7 of its levels.
You also visited: Bailey.

You collected 447 gold pieces.

Inventory:

Missiles
 q - 6 large rocks (quivered)
 u - 3 poisoned darts
 w - a javelin
Armour
 a - a +0 animal skin
 g - a +0 cloak (worn)
 j - the +0 robe of the Spheres (worn) {Harm}
   (You found it on level 3 of the Dungeon)

   Harm:      It increases damage dealt and taken.
Jewellery
 s - an amulet of magic regeneration
Potions
 b - a potion of cancellation {unknown}
 c - 2 potions of brilliance {unknown}
 d - 9 potions of heal wounds {unknown}
 e - 2 potions of degeneration {unknown}
 f - 3 potions of flight {unknown}
 h - a potion of ambrosia {unknown}
 i - a potion of experience {unknown}
 k - a potion of attraction {unknown}
 l - a potion of lignification {unknown}
 m - 2 potions of resistance {unknown}
 n - 2 potions of mutation {unknown}
 o - 3 potions of might {unknown}
 p - 4 potions of curing
 r - 2 potions of haste {unknown}
 t - 3 potions of invisibility
 v - a potion of magic {unknown}


   Skills:
 + Level 5.2 Fighting
 * Level 7.0 Throwing
 + Level 5.1 Dodging
 - Level 1.0 Stealth
 * Level 8.3 Unarmed Combat


You had 8 spell levels left.
You didn't know any spells.
Your spell library was empty.

Dungeon Overview and Level Annotations

Branches:
Dungeon (7/15)             Temple (0/1) D:5          Bailey (visited)

Altars:
Gozag
Trog


Innate Abilities, Weirdness & Mutations

You are too large for most types of armour.
You have claws for hands.
Your natural rate of healing is unusually fast.
You are covered in fur. (AC +1)
You have tough skin. (AC +1)


Message History

You kill the gnoll bouda!
Trog accepts your kill. Something hits you.
* * * LOW HITPOINT WARNING * * *
You barely miss the gnoll. The gnoll hits you with a +0 whip.
* * * LOW HITPOINT WARNING * * *
The sky beast flickers out of sight!
Something hits you.
* * * LOW HITPOINT WARNING * * *
Something shocks you.
* * * LOW HITPOINT WARNING * * *
The gnoll misses you.
You miss something. You mangle the gnoll!!
You kill the gnoll!
Trog accepts your kill. Something hits you.
* * * LOW HITPOINT WARNING * * *
Something hits you.
* * * LOW HITPOINT WARNING * * *
Something shocks you.
* * * LOW HITPOINT WARNING * * *
The gnoll misses you.
You barely miss something. You claw something!
Something hits you but does no damage.
The gnoll hits you from afar with a +0 spear.
* * * LOW HITPOINT WARNING * * *
You claw something! Trog accepts your kill.
Reactivating autopickup.
You feel a bit more experienced. Something hits you.
* * * LOW HITPOINT WARNING * * *
Deactivating autopickup; reactivate with Ctrl-A.
Your Throwing skill increases to level 7!
The gnoll hits you with a +0 spear.
* * * LOW HITPOINT WARNING * * *
You mangle the gnoll!!
You kill the gnoll!
Trog accepts your kill. Something hits you.
You die...

............. #...
!#............
###...##.........8.8.8
......#................
..................8.8.8.
........................
........................
........................
......)@................
.......))...............
.................)......
........................
........................
#.........####..........
###.........##..........
##....................
.................


There were no monsters in sight!

Vanquished Creatures
  6 yaks (D:7)
  A water moccasin (D:7)
  An orc warrior (Bailey)
  3 sky beasts
  3 ogres
  2 centaurs
  2 phantoms (D:5)
  Blork the orc (D:4)
  The ghost of pokeman the Magician, an amateur DEHW (D:4)
  A necrophage (D:6)
  4 scorpions
  A howler monkey (D:6)
  2 hounds
  3 jellies
  An orc priest (D:6)
  4 gnoll boudas
  3 iguanas
  2 orc wizards
  21 gnolls
  5 adders
  A worm (D:3)
  24 orcs
  5 ball pythons
  2 bats (D:1)
  9 endoplasms
  9 giant cockroaches
  12 hobgoblins
  3 jackals
  3 quokkas
  3 frilled lizards
  13 goblins
  9 kobolds
  8 rats
168 creatures vanquished.

Vanquished Creatures (others)
  A hobgoblin (D:4)
1 creature vanquished.

Grand Total: 169 creatures vanquished

Notes
Turn   | Place    | Note
-------+----------+-------------------------------------------
     0 | D:1      | browni3141 the Troll Berserker began the quest for the Orb.
     0 | D:1      | Reached XP level 1. HP: 22/22 MP: 0/0
   168 | D:1      | Reached skill level 1 in Stealth
   168 | D:1      | Reached XP level 2. HP: 23/29 MP: 1/1
   176 | D:1      | Found an opulent altar of Gozag.
   821 | D:2      | Reached ** piety under Trog
   822 | D:2      | Reached XP level 3. HP: 36/36 MP: 2/2
  1016 | D:2      | Reached skill level 1 in Throwing
  1467 | D:3      | Reached XP level 4. HP: 44/44 MP: 3/3
  1566 | D:3      | Identified the +0 robe of the Spheres {Harm}
  2028 | D:4      | Noticed a centaur
  2034 | D:4      | Noticed an ogre
  2035 | D:4      | Killed a centaur
  2036 | D:4      | Reached skill level 4 in Unarmed Combat
  2036 | D:4      | Reached XP level 5. HP: 47/53 MP: 4/4
  2038 | D:4      | Killed an ogre
  2070 | D:4      | Found a runed translucent gate.
  2070 | D:4      | Found a runed translucent gate.
  2070 | D:4      | Found a runed translucent gate.
  2072 | D:4      | Reached XP level 6. HP: 61/61 MP: 5/5
  2152 | D:4      | You fall into a shaft and drop 1 floor!
  2152 | D:5      | Entered Level 5 of the Dungeon
  2377 | D:5      | Found a staircase to the Ecumenical Temple.
  2410 | D:5      | Noticed a sky beast
  2423 | D:5      | Killed a sky beast
  2424 | D:5      | Reached skill level 5 in Unarmed Combat
  2424 | D:5      | Reached XP level 7. HP: 65/67 MP: 6/6
  2690 | D:5      | Reached *** piety under Trog
  3055 | D:4      | Noticed pokeman's ghost (amateur DEHW)
  3074 | D:4      | Identified the +7 morningstar of the Unspeakable One {elec,
                  | MP+9 Int+3 Dex-3}
  3205 | D:4      | Noticed Blork the orc
  3212 | D:4      | Killed Blork the orc
  3283 | D:4      | Found a bloodstained altar of Trog.
  3695 | D:4      | Killed pokeman's ghost
  3696 | D:4      | Reached skill level 6 in Unarmed Combat
  3696 | D:4      | Reached XP level 8. HP: 78/78 MP: 7/7
  3818 | D:6      | Reached skill level 5 in Throwing
  4002 | D:6      | Reached skill level 7 in Unarmed Combat
  4219 | D:7      | Found a flagged portal.
  4257 | Bailey   | Entered a bailey
  4850 | D:7      | Reached XP level 9. HP: 68/80 MP: 8/8
  4883 | D:7      | Reached skill level 5 in Fighting
  4886 | D:7      | Reached **** piety under Trog
  4887 | D:7      | Reached skill level 8 in Unarmed Combat
  4988 | D:7      | Reached skill level 5 in Dodging
  5109 | D:7      | HP: 2/132 [something (7)]
  5111 | D:7      | Slain by an unseen horror

Illustrated notes

Levels and vault maps discovered:
D:1:      ebering_trefoil_twist, layout_loops_ring,
          amcnicky_mini_rare_corridor_liquid, minmay_hexomino_r4
D:2:      layout_basic, kennysheep_generic_room_3
D:3:      layout_loops_ring, chequers_serial_rivers_micro_c, bh_walls_and_bars
D:4:      layout_loops_ring, mainiacjoe_overflow_surrounded_room,
          ebering_ghost_rock_garden, grunt_ministairs_8,
          hangedman_minor_gate_pass, uniq_blork_the_orc
D:5:      layout_basic, minmay_temple_entry_mini_moons,
          dreamdust_mushroom_princess
D:6:      layout_rooms, minivault_26, st_stairs_1
D:7:      layout_layer_cave, enter_bailey_5, minmay_misc_feat_pillars

Skill      XL: |  1  2  3  4  5  6  7  8  9 |
---------------+----------------------------+-----
Stealth        | 1 |  1.0
Throwing       | 1 2 3 4 6 7 |  7.0
Fighting       | 3 4 5 |  5.2
Unarmed Combat | 4 5 6 7 8 |  8.3
Dodging        | 3 4 5 |  5.1

Action                     |  1- 3 |  4- 6 |  7- 9 || total
---------------------------+-------+-------+-------++-------
  Melee: Unarmed           |   115 |   101 |   248 ||   464
         Punch             |       |     1 |     9 ||    10
  Throw: Dart              |       |       |     9 ||     9
         Javelin           |       |       |     4 ||     4
         Large rock        |       |       |     7 ||     7
 Invoke: Berserk           |       |     2 |     8 ||    10
         Trog's Hand       |       |       |     1 ||     1
   Stab: Sleeping          |     1 |     2 |     4 ||     7
 Armour: Animal skin       |    36 |     8 |       ||    44
         Robe              |       |    24 |    54 ||    78
  Dodge: Dodged            |    54 |    35 |    96 ||   185

Table legend: (Time is in decaauts)
 A = Elapsed time spent in this place.
 B = Non-inter-level travel time spent in this place.
 C = Inter-level travel time spent in this place.
 D = Time resting spent in this place.
 E = Time spent auto-exploring this place.
 F = Levels seen in this place.
 G = Mean time per level.
                   A        B        C        D        E       F      G
               +--------+--------+--------+--------+--------+-----+--------+
         Total |   5164 |   4990 |    174 |    284 |   3481 |   8 |  645.5 |
       Dungeon |   4616 |   4442 |    174 |    120 |   3286 |   7 |  659.4 |
        Bailey |    548 |    548 |      0 |    164 |    195 |   1 |  548.0 |
               +--------+--------+--------+--------+--------+-----+--------+

Top non-repeatable levels by time:
     D:5: 914 daAuts
     D:4: 840 daAuts
     D:2: 727 daAuts
     D:1: 709 daAuts
     D:3: 581 daAuts
  Bailey: 548 daAuts
     D:6: 472 daAuts
     D:7: 370 daAuts
